 Dungeon Crawl Stone Soup version 0.27-a0-1319-geec4fb4e21 (webtiles) character file.

Game seed: 6714413424196687714

150 Demosthentine the Poker (level 5, -4/61 HPs)
             Began as a Merfolk Gladiator on June 21, 2021.
             Slain by a hornet (9 damage)
             ... on level 4 of the Dungeon.
             The game lasted 00:02:26 (3841 turns).

Demosthentine the Poker (Merfolk Gladiator)         Turns: 3841, Time: 00:02:26

Health: -4/61      AC:  6    Str: 15    XL:     5   Next: 32%
Magic:  5/5        EV: 13    Int:  8    God:
Gold:   216        SH:  0    Dex: 15    Spells: 4/4 levels left

rFire    . . .     SeeInvis .   a - +0 trident
rCold    . . .     Faith    .   (no shield)
rNeg     . . .     Spirit   .   b - +0 leather armour
rPois    .         Reflect  .   c - +0 helmet
rElec    .         Harm     .   f - +0 cloak
rCorr    .         Rampage  .   e - +0 pair of gloves
Will     .....                  (no boots)
Stlth    ..........             (no amulet)
HPRegen  0.20/turn              (no ring)
MPRegen  0.09/turn              (no ring)

@: berserking, very quick
A: (nimble swimmer 2), mertail
a: no special abilities


You were on level 4 of the Dungeon.
You visited 1 branch of the dungeon, and saw 5 of its levels.

You collected 216 gold pieces.

Inventory:

Hand Weapons
 a - a +0 trident (weapon)
Missiles
 d - 3 throwing nets (quivered)
Armour
 b - a +0 leather armour (worn)
 c - a +0 helmet (worn)
 e - a +0 pair of gloves (worn)
 f - a +0 cloak (worn)
Scrolls
 g - a scroll of teleportation
Potions
 i - a potion of invisibility
 j - a potion of cancellation {unknown}
 k - a potion of berserk rage


   Skills:
 + Level 3.5 Fighting
 + Level 5.8 Polearms
 - Level 2.0 Throwing
 + Level 1.4 Armour
 + Level 5.0 Dodging


You had 4 spell levels left.
You didn't know any spells.
Your spell library was empty.

Dungeon Overview and Level Annotations

Branches:
Dungeon (5/15)
 Temple: D:4-7

Altars:
Okawaru
Vehumet
Xom

Shops:
D:1 !   D:2 ?

Annotations:
D:5 Ijyb


Innate Abilities, Weirdness & Mutations

((You are quick and stealthy near water. (Stealth+, EV+, Speed+++)))
Your lower body shifts to a powerful aquatic tail in water.


Message History

Where to? (Enter - D:3, ? - help)
What level of the Dungeon? (default 1, ? - help)
You open the door.
There is an open door here.
There is a stone staircase leading down here.
You climb downwards.
A hound and Ijyb come into view.
Ijyb is wielding a +1 spectral club and carrying a wand of digging (4).
There is a stone staircase leading up here.
There are monsters nearby!
You hit Ijyb but do no damage.
The hound barks!
You hear an angry buzzing noise.
Ijyb barely misses you.
You barely miss Ijyb. The hound bites you.
A hornet comes into view.
Ijyb hits you but does no damage.
You closely miss Ijyb. The hound misses you. The hound bites you.
Ijyb misses you.
The hornet stings you but does no damage.
Ijyb zaps a wand.
Some rock shatters into small pieces.
There is a stone staircase leading up here.
The hound barely misses you. The hornet stings you!
* * * LOW HITPOINT WARNING * * *
You feel yourself slow down. The hound barely misses you.
You climb upwards.
You feel yourself speed up.
There is a stone staircase leading down here.
Unknown command.
It was a potion of berserk rage.
A red film seems to cover your vision as you go berserk!
You feel yourself moving faster!
You feel mighty! The hornet stings you!
* * * LOW HITPOINT WARNING * * *
You feel yourself slow down. The hound closely misses you.
The hornet barely misses you.
Unknown command.
You puncture the hornet!
The hornet is moderately wounded.
You feel yourself speed up. The hound closely misses you.
The hornet stings you!
You die...

..#...#..##.#.<)...#.############
..........#...####.#.#..........'
####.#.)..###....#.#.#.##########
..##...#.#.......#.#........# #
#.####.#.........#.#........# #
#.###......#####.#.#...†....#
...............#.#.#........#
...........###.#y#.#........#
...........###.#@#.#........#####
.....#####.....#h#.#.#'######....
.....# ###.....#.#.#.######....
###### #.#####.#.#.#...>..... #.#
#.#.#.#.......## #.#
#.#.#.#.)......# #.#
#.#.#........... #.#
#.#.###.###.###. #.#####.#.# #.#
♣.♣ #.


You could see a hornet and a hound.

Vanquished Creatures
  An iguana (D:4)
  A hound skeleton (D:4)
  4 adders
  6 dart slugs
  3 orcs (D:3)
  6 endoplasms
  2 giant cockroaches (D:1)
  6 hobgoblins
  7 jackals
  3 quokkas
  7 ball pythons
  3 bats
  3 frilled lizards
  3 goblins
  3 kobolds
  3 rats
61 creatures vanquished.

Notes
Turn   | Place    | Note
-------+----------+-------------------------------------------
     0 | D:1      | Demosthentine the Merfolk Gladiator began the quest for the
                  | Orb.
     0 | D:1      | Reached XP level 1. HP: 16/16 MP: 1/1
   157 | D:1      | Reached XP level 2. HP: 23/23 MP: 2/2
   367 | D:1      | Found a faded altar of an unknown god.
   455 | D:1      | Found Cotadghi's Distillery.
   622 | D:1      | Reached XP level 3. HP: 27/28 MP: 3/3
   849 | D:2      | Reached skill level 5 in Polearms
  1297 | D:2      | Reached skill level 1 in Armour
  1297 | D:2      | Reached XP level 4. HP: 12/35 MP: 4/4
  1579 | D:2      | Found Pyffoe's Magic Scroll Boutique.
  2195 | D:3      | Found a shimmering altar of Xom.
  2235 | D:3      | Found an iron altar of Okawaru.
  2739 | D:4      | Found a radiant altar of Vehumet.
  2973 | D:4      | Reached XP level 5. HP: 14/41 MP: 5/5
  3215 | D:4      | Reached skill level 5 in Dodging
  3832 | D:5      | Entered Level 5 of the Dungeon
  3832 | D:5      | Noticed Ijyb
  3835 | D:5      | Noticed a hornet
  3841 | D:4      | Slain by a hornet

Illustrated notes

Levels and vault maps discovered:
D:1:      saegor_arrival_simple_a, layout_loops_ring,
          chequers_ecumenical_altar_simple, serial_shops, nicolae_diamond_shop
D:2:      layout_loops_corners, serial_shops, shop_scrolls, serial_forest,
          infiniplex_forest_lined_3, infiniplex_forest_clump_tiny,
          infiniplex_forest_pool, infiniplex_forest_clump_double,
          infiniplex_forest_3_way, infiniplex_forest_straight_2,
          infiniplex_forest_end_3, minmay_hedge_maze
D:3:      layout_loops_ring, nicolae_overflow_crystal_walls, pf_just_have_faith
D:4:      layout_basic, vehumet_crystals, minmay_tree_intersection
D:5:      layout_basic, jmf_multi_god_temple, minmay_temple_entry_nine_rooms,
          uniq_blork_the_orc, uniq_ijyb

Skill      XL: |  1  2  3  4  5 |
---------------+----------------+-----
Polearms       | 5 |  5.8
Fighting       | 3 |  3.5
Armour         | 1 |  1.4
Dodging        | 5 |  5.0
Throwing       | |  2.0

Action                   |  1- 3 |  4- 6 || total
-------------------------+-------+-------++-------
Melee: Trident           |   103 |   117 ||   220
  Use: Scroll            |     1 |     5 ||     6
       Potion            |       |     1 ||     1
 Stab: Sleeping          |     4 |     1 ||     5
Armor: Leather armour    |    17 |    35 ||    52
Dodge: Dodged            |    69 |    88 ||   157

Table legend: (Time is in decaauts)
 A = Elapsed time spent in this place.
 B = Non-inter-level travel time spent in this place.
 C = Inter-level travel time spent in this place.
 D = Time resting spent in this place.
 E = Time spent auto-exploring this place.
 F = Levels seen in this place.
 G = Mean time per level.
                   A        B        C        D        E       F      G
               +--------+--------+--------+--------+--------+-----+--------+
         Total |   3853 |   3772 |     81 |    215 |   3076 |   5 |  770.6 |
       Dungeon |   3853 |   3772 |     81 |    215 |   3076 |   5 |  770.6 |
               +--------+--------+--------+--------+--------+-----+--------+

Top non-repeatable levels by time:
     D:2: 1389 daAuts
     D:3: 1040 daAuts
     D:4: 728 daAuts
     D:1: 688 daAuts
     D:5: 6 daAuts
